 Dungeon Crawl Stone Soup version 0.29-a0-664-gff9cad4a3d (webtiles) character file.

Game seed: 12781424815227474791

123718 zeratav the Spry (level 16, -4/85 HPs)
             Began as a Spriggan Arcane Marksman on June 22, 2022.
             Was the Champion of Dithmenos.
             Hit by a silver javelin thrown by a merfolk javelineer (14 damage)
             ... on level 2 of the Shoals.
             The game lasted 02:02:55 (31212 turns).

zeratav the Spry (Spriggan Arcane Marksman)        Turns: 31212, Time: 02:02:55

Health: -4/85      AC: 10    Str:  8    XL:     16   Next: 37%
Magic:  0/33       EV: 39    Int: 14    God:    Dithmenos [******]
Gold:   1488       SH:  0    Dex: 30    Spells: 16/30 levels left

rFire   . . .      SeeInvis +   a - +4 shortbow (elec) {bow}
rCold   . . .      Faith    .   (shield currently unavailable)
rNeg    + + .      Spirit   +   w - +4 moon troll leather armour {Spirit, Regen++ MP+5}
rPois   .          Reflect  .   (helmet restricted)
rElec   +          Harm     .   C - +1 cloak
rCorr   +          Rampage  .   (gloves unavailable)
Will    ++++.                   (boots unavailable)
Stlth   ++++++++++              T - macabre finger necklace {rN+}
HPRegen 1.84/turn               Y - ring of flight
MPRegen 0.23/turn               K - ring of Recklessness {Will++ Dex+6}
                                S - ring of Stoicism {rElec rN+ rCorr Str+2}

@: flying, wreathed by umbra, very quick
A: very small, no large weapons, unfitting armour, see invisible, speed 3
a: Renounce Religion, Shadow Step, Shadow Form


You were on level 2 of the Shoals.
You worshipped Dithmenos.
Dithmenos was exalted by your worship.
You visited 6 branches of the dungeon, and saw 27 of its levels.

You collected 2801 gold pieces.
You spent 1313 gold pieces at shops.


Innate Abilities, Weirdness & Mutations

You are very small and have problems with some larger weapons.
You are too small for most types of armour.
You have supernaturally acute eyesight. (SInv)
You cover ground extremely quickly. (Speed+++)


   Skills:
 - Level 10.0 Fighting
 - Level 16.0 Bows
 + Level 17.4 Dodging
 - Level 10.0 Stealth
 + Level 7.6 Spellcasting
 + Level 16.5 Hexes
 - Level 10.0 Summonings
 - Level 8.0 Translocations


You had 16 spell levels left.
You knew the following spells:

 Your Spells              Type           Power      Damage    Failure   Level
a - Slow                  Hex            100%       N/A       1%          1
b - Tukima's Dance        Hex            51%        N/A       1%          3
c - Summon Mana Viper     Hex/Summ       42%        N/A       2%          5
d - Portal Projectile     Hex/Tloc       78%        N/A       1%          3
e - Blink                 Tloc           54%        N/A       1%          2

Your spell library contained the following spells:

 Spells                   Type           Power      Damage    Failure   Level
 Summon Small Mammal      Summ           100%       N/A       1%          1
 Call Imp                 Summ           33%        N/A       1%          2
 Ensorcelled Hibernation  Hex/Ice        56%        N/A       1%          2
 Call Canine Familiar     Summ           33%        N/A       1%          3
 Inner Flame              Hex/Fire       28%        N/A       1%          3
 Summon Guardian Golem    Hex/Summ       42%        N/A       1%          3
 Cause Fear               Hex            25%        N/A       1%          4
 Lesser Beckoning         Tloc           27%        N/A       2%          3
 Anguish                  Hex/Necr       14%        N/A       6%          4
 Magic Dart               Conj           20%        1d4       21%         1
 Manifold Assault         Tloc           27%        N/A       21%         5
 Summon Ice Beast         Ice/Summ       19%        N/A       26%         4
 Poisonous Vapours        Pois/Air       10%        N/A       30%         2
 Static Discharge         Conj/Air       5%         N/A       30%         2
 Frozen Ramparts          Ice            10%        1d3       52%         3
 Mephitic Cloud           Conj/Pois/Air  5%         N/A       52%         3
 Spider Form              Tmut/Pois      5%         N/A       52%         3
 Discord                  Hex            25%        N/A       82%         8
 Corpse Rot               Necr/Pois/Air  5%         N/A       89%         4
 Ice Form                 Ice/Tmut       5%         N/A       89%         4
 Monstrous Menagerie      Summ           16%        N/A       95%         7
 Blade Hands              Tmut           2%         N/A       99%         5
 Fireball                 Conj/Fire      2%         3d4       99%         5
 Iskenderun's Battlesphe  Conj           5%         2d6       99%         5
 Lightning Bolt           Conj/Air       2%         1d14      99%         5
 Conjure Ball Lightning   Conj/Air       2%         3x3d6     100%        6
 Dragon Form              Tmut           2%         N/A       100%        7
 Orb of Destruction       Conj           2%         9d5       100%        7
 Maxwell's Capacitive Co  Air            2%         ∞         100%        8
 Dragon's Call            Summ           16%        N/A       100%        9

Inventory:

Hand Weapons
 a - a +4 shortbow of electrocution (weapon) {bow}
 g - a +2 short sword of venom {short}
   (You took it off a kobold on level 1 of the Dungeon)
 N - a +2 demon trident of flaming {polearm}
   (You found it on level 6 of the Lair of Beasts)
Armour
 t - a +1 robe of resistance
   (You took it off Sigmund on level 3 of the Dungeon)
 w - the +4 moon troll leather armour (worn) {Spirit, Regen++ MP+5}
   (You found it on level 6 of the Dungeon)

   MP:        It affects your magic capacity (+5).
   Regen:     It increases your rate of health regeneration.
 C - a +1 cloak (worn)
   (You found it on level 5 of the Lair of Beasts)
Jewellery
 d - a ring of protection from fire
   (You found it on level 11 of the Dungeon)
 l - a ring of fire
   (You found it on level 3 of the Dungeon)
 p - a ring of resist corrosion
   (You found it on level 3 of the Dungeon)
 q - a ring of poison resistance
   (You found it on level 10 of the Dungeon)
 r - a ring of magical power
   (You found it on level 5 of the Dungeon)
 y - a +6 ring of strength
   (You found it on level 5 of the Lair of Beasts)
 G - a +6 ring of intelligence
   (You found it on level 3 of the Lair of Beasts)
 I - a +4 ring of evasion
   (You found it on level 12 of the Dungeon)
 K - the ring of Recklessness (right hand) {Will++ Dex+6}
   (You found it on level 6 of the Lair of Beasts)

   [ring of dexterity]

   Dex:       It affects your dexterity (+6).
   Will:      It greatly increases your willpower.
 S - the ring of Stoicism (on amulet) {rElec rN+ rCorr Str+2}
   (You bought it in a shop on level 2 of the Orcish Mines)

   [ring of resist corrosion]

   Str:       It affects your strength (+2).
   rElec:     It insulates you from electricity.
   rN:        It protects you from negative energy.
   rCorr:     It protects you from acid and corrosion.
 T - the macabre finger necklace (around neck) {rN+}
   (You bought it in a shop on level 2 of the Orcish Mines)

   [amulet of nothing]

   It enables you to equip an extra ring.
   rN:        It protects you from negative energy.
 U - a ring of wizardry
   (You found it on level 14 of the Dungeon)
 V - a ring of magical power
   (You found it on level 15 of the Dungeon)
 Y - a ring of flight (left hand)
   (You took it off a merfolk siren on level 1 of the Shoals)
Wands
 J - a wand of flame (5)
   (You found it on level 6 of the Lair of Beasts)
 R - a wand of charming (6)
   (You found it on level 1 of the Shoals)
 X - a wand of iceblast (8)
   (You took it off a boggart on level 15 of the Dungeon)
Scrolls
 b - 2 scrolls of brand weapon
 c - 3 scrolls of vulnerability {!r!r}
 h - 8 scrolls of teleportation {@r4}
 i - 3 scrolls of enchant armour
 o - 7 scrolls of amnesia
 s - 3 scrolls of magic mapping {!r}
 x - 2 scrolls of silence {!r}
 z - 5 scrolls of poison {!r}
 A - a scroll of fear
 O - 3 scrolls of blinking {!r}
 P - 7 scrolls of identify {@r1}
 Q - 2 scrolls of immolation {!r!r}
 W - a scroll of acquirement
Potions
 e - 10 potions of curing {@q1}
 f - 8 potions of might
 j - 5 potions of lignification {!q}
 k - 3 potions of attraction {!q}
 m - a potion of haste {@q3}
 n - 2 potions of magic
 u - 5 potions of heal wounds {@q2}
 v - a potion of invisibility
 B - 6 potions of mutation {!q}
 E - 4 potions of berserk rage {!q}
 F - 5 potions of resistance
 H - a potion of ambrosia
 M - a potion of cancellation
Miscellaneous
 D - a tin of tremorstones (2/2) {throwing}
   (You found it on level 1 of the Lair of Beasts)
 L - a condenser vane
   (You found it on level 6 of the Lair of Beasts)

Dungeon Overview and Level Annotations

Branches:
Dungeon (15/15) Zot: 24511  Temple (1/1) D:6 Zot: 5911    Lair (6/6) D:11 Zot: 25074
 Shoals (2/4) Lair:4 Zot: 11361   Snake (0/4) Lair:2        Slime (0/5) Lair:6
    Orc (2/2) D:12 Zot: 10790     Elf (1/3) Orc:2 Zot: 5995  Vaults (0/5) D:13
 Depths (0/4) D:15

Altars:
Ashenzari
Cheibriados
Dithmenos
Elyvilon
Fedhas
Gozag
Hepliaklqana
Kikubaaqudgha
Makhleb
Nemelex Xobeh
Okawaru
Qazlal
Ru
Sif Muna
Trog
Uskayaw
Vehumet
Wu Jian
Xom
Yredelemnul
Zin
The Shining One

Shops:
D:4 ?   D:7 *   Orc:2 =??(!

Annotations:
D:10 3 runed translucent doors, Gus979's ghost, journeyman DsNe

#≈≈≈≈≈.. ..P #≈≈≈≈..#
#######.# #≈≈≈≈..#
#.....:#
#≈≈≈≈≈?###≈...≈.# ###P
#≈≈≈≈≈≈:..≈≈≈≈≈.###..P.
#≈≈≈≈≈≈≈.≈≈≈≈≈≈≈.P.≈≈≈P
#≈≈≈≈≈≈mm≈≈≈≈≈≈≈≈≈≈≈≈≈≈
#≈≈≈≈§≈§t≈≈≈≈≈PPPP≈≈≈≈≈
#≈≈≈≈≈@≈≈≈≈≈≈S≈≈≈≈≈≈≈≈≈
#≈≈≈≈≈≈§≈≈≈m≈≈≈≈≈≈≈≈≈≈≈
#≈≈≈≈≈≈≈≈≈≈≈≈§≈.≈≈≈≈≈..
#≈≈≈≈≈≈≈≈≈≈≈§≈≈≈≈≈≈≈...
#≈≈≈≈≈≈≈≈≈≈≈§≈≈≈≈≈≈....
#≈≈≈≈≈≈≈≈≈≈≈§§≈≈≈......
#≈≈≈≈≈≈≈≈≈≈≈§§§≈≈......
#≈≈≈≈≈≈≈≈≈≈§≈§§§≈......
≈≈≈≈≈≈§§§§§§m§...


You could see an alligator snapping turtle, a merfolk javelineer, a merfolk
aquamancer (ally target), a merfolk and a friendly mana viper (summoned).


Message History

The torrent of water misses you.
The wave splashes down.
A merfolk javelineer comes into view.
It is wielding a +0 spear of venom and quivering silver javelins.
The merfolk completely misses you.
You hear a shout! x2; You hear a bleat!
You hear a shout! x2
You hear an angry hiss.
You hear a shout!
HP[-8] MP[-4]
You take 8 damage, and now have 71/85 hp.
You lost 4 mp, and now have 26/33 mp.
Shoot: a) +4 shortbow (elec) {bow}
Press: ? - help, Q - select action, (/) - cycle Shift-Dir - straight line, f/p - water nymph
Aim: a water nymph (black smoke, severely wounded, umbra, 72% to hit)
You shoot an arrow.
The arrow closely misses the water nymph.
The water nymph casts a spell at you. The water rises up and strikes you!!
You emit a cloud of dark smoke.
The merfolk completely misses you.
The alligator snapping turtle bites you from afar!!
* * * LOW HITPOINT WARNING * * *
HP[-29] MP[-11]
You take 29 damage, and now have 42/85 hp.
MASSIVE DAMAGE!! (PAUSE)
You lost 11 mp, and now have 15/33 mp.
Shoot: a) +4 shortbow (elec) {bow}
Press: ? - help, Q - select action, (/) - cycle Shift-Dir - straight line, f/p - water nymph
Aim: a water nymph (black smoke, severely wounded, umbra, 72% to hit)
You shoot an arrow.
The arrow closely misses the water nymph.
HP[+1]
The water nymph casts a spell at you. The water rises up and strikes you.
* * * LOW HITPOINT WARNING * * *
HP[-3] MP[-1]
You take 3 damage, and now have 40/85 hp.
You lost 1 mp, and now have 14/33 mp.
HP[+1] HP[+1] HP[+1] HP[+1] HP[+1]
Casting: Portal Projectile (safe; 1% risk of failure)
Confirm with . or Enter, or press ? or * to list all spells.
A mana viper appears with a sibilant hiss.
The merfolk barely misses you.
A large rock appears from out of your range of vision.
The large rock hits your mana viper!!!
A merfolk comes into view. It is wielding a +0 trident of venom.
HP[+2] MP[-4]
You regained 2 hp, and now have 47/85 hp.
You lost 4 mp, and now have 10/33 mp.
The merfolk moves out of view.
HP[+1] HP[+2]
You regained 2 hp, and now have 50/85 hp.
HP[+1] HP[+1]
Casting: Summon Mana Viper (dangerous; 2% risk of failure)
Confirm with . or Enter, or press ? or * to list all spells.
Okay, then.
HP[+1]
The merfolk javelineer throws a silver javelin.
The silver javelin closely misses you. The merfolk misses you.
As the sheep sparkle and sway, your mana viper falls asleep.
The water nymph flows with the water.
HP[+1] HP[+1] Shoot: a) +4 shortbow (elec) {bow}
Press: ? - help, Q - select action, (/) - cycle Shift-Dir - straight line, f/p - water nymph
Aim: a water nymph (water, severely wounded, umbra, 72% to hit)
You shoot an arrow. The arrow hits the water nymph!!
Lightning courses through the water nymph!
You kill the water nymph!
Dithmenos accepts your kill. The merfolk completely misses you.
HP[+2] MP[+1]
You regained 2 hp, and now have 57/85 hp.
You see here a book of Cantrips.
HP[+1]
The merfolk aquamancer casts a spell at you.
The torrent of water hits you!!
* * * LOW HITPOINT WARNING * * *
The wave splashes down.
You hear a shout!
You hear a bleat!
You hear an angry hiss.
You hear a shout!
HP[-21] MP[-4]
You take 21 damage, and now have 37/85 hp.
MASSIVE DAMAGE!! (PAUSE)
You lost 4 mp, and now have 7/33 mp.
The merfolk completely misses you.
The merfolk javelineer throws a silver javelin.
The silver javelin completely misses you.
HP[+1]
The dream sheep attempt to lull your mana viper to sleep.
Your mana viper is unaffected.
HP[+1]
The merfolk aquamancer gestures at you while chanting.
The shard of ice hits you!!
* * * LOW HITPOINT WARNING * * *
You emit a cloud of dark smoke.
The merfolk misses you.
The merfolk javelineer throws a silver javelin.
The silver javelin pierces through you!
You die...

Skill      XL: |  1  2  3  4  5  6  7  8  9 10 11 12 13 14 15 16 |
---------------+-------------------------------------------------+-----
Bows           | 3 4 5 6 8 9 10 13 16 | 16.0
Stealth        | 5 10 | 10.0
Dodging        | 5 10 13 15 16 17 | 17.4
Fighting       | 5 10 | 10.0
Hexes          | 4 10 13 15 16 | 16.5
Translocations | 5 8 |  8.0
Summonings     | 7 10 | 10.0
Spellcasting   | 5 7 |  7.6

Action                   |  1- 3 |  4- 6 |  7- 9 | 10-12 | 13-15 | 16-18 || total
-------------------------+-------+-------+-------+-------+-------+-------++-------
Melee: Short sword       |       |     8 |    11 |    19 |     1 |       ||    39
 Fire: Shortbow          |    71 |   113 |   320 |   749 |  1940 |   288 ||  3481
Throw: Dart              |       |     9 |       |       |       |       ||     9
 Cast: Slow              |     9 |     8 |     7 |    38 |    15 |     1 ||    78
       Tukima's Dance    |       |       |       |     2 |     3 |       ||     5
       Portal Projectile |       |       |       |       |    19 |     9 ||    28
       Summon Mana Viper |       |       |       |       |    18 |     5 ||    23
Invok: Shadow Step       |       |       |       |       |     1 |       ||     1
Evoke: Wand              |       |       |       |     5 |     1 |       ||     6
  Use: Potion            |     1 |       |       |       |     2 |       ||     3
       Scroll            |       |       |    11 |     9 |     8 |     2 ||    30
 Stab: Sleeping          |       |       |       |     2 |       |       ||     2
Armor: Robe              |       |     8 |     3 |       |       |       ||    11
       Troll leather arm |       |       |     2 |    16 |    45 |     6 ||    69
Dodge: Dodged            |    14 |    27 |    36 |   169 |   557 |   103 ||   906

Levels and vault maps discovered:
D:1:      zaba_arrival_water, layout_loops_ring, ebering_ecumenical_altar_webs,
          item_on_display_a
D:2:      layout_basic, interstate_on_off, hangedman_abyss_or_decor_lesser_grid,
          minmay_domino_2
D:3:      layout_loops_ring, mainiacjoe_overflow_alcove_1,
          overflow_temple_1_default, lemuel_doored_altar, gammafunk_ghost_split,
          minmay_checkerbox, uniq_sigmund, uniq_grinder
D:4:      layout_rooms, serial_shops, shop
D:5:      layout_rooms, minmay_tree_intersection, skrybe_limestone_x,
          minmay_misc_feat_square
D:6:      layout_cave_pools, temple_statues, dk_noncrumbling_3
D:7:      layout_basic, serial_shops, nicolae_shop_statue_plus, uniq_menkaure
D:8:      layout_rooms, mainiacjoe_overflow_brackets, serial_co_window_serial,
          co_window_corner_a, co_window_of_opportunity_a, co_window_paths_a,
          co_window_paths_a, co_window_paths_a, co_window_corner_a,
          co_window_paths_b, co_window_broadway_b, co_window_unsneaky_path_a,
          co_window_paths_c, co_window_4corner_a, glass_columns_a,
          glass_columns_a, glass_columns_c, glass_columns_c, glass_columns_a
D:9:      minmay_s_stair_smasher, layout_basic, nicolae_dithmenos_the_darkroom
D:10:     layout_loops_ring, jmf_multi_god_temple, ebering_ghost_rock_garden,
          uniq_joseph, uniq_grum, uniq_maurice
D:11:     layout_basic, erik_lair_dragon, serial_ice, serial_ice_b,
          serial_ice_i, serial_ice_m, serial_ice_f, serial_ice_e, serial_ice_h,
          serial_ice_o, okawaru_gym_becter
D:12:     layout_stronghold, david_orc_1_choice
D:13:     layout_rooms, david_vaults_4, minmay_nine_imps
D:14:     hangedman_cross_stitches, layout_irregular_city, minmay_hedge_maze,
          minmay_fountain_box, nicolae_yredelemnul_ghost_church, uniq_kirke
D:15:     gammafunk_depths_entry_grave, layout_basic, special_room
          [special_room_mythical_zoo], uniq_rupert, uniq_louise
Temple:   regret_index_temple_waves
Lair:1:   layout_concentric_octagons, ldierk_geyser, dpeg_stationary_puzzle,
          grunt_megastairs_1
Lair:2:   wander_river, layout_small_grid, dummy_snake_entry,
          lemuel_fruit_fields, serial_bayou_shore_a, uniq_erica, uniq_maggie
Lair:3:   layout_gridlike, serial_bayou_lake_a, serial_bayou_shore_b, uniq_sonja
Lair:4:   layout_long_grid, elwin_shoals_entry_rooms, uniq_urug
Lair:5:   layout_cave_pods, small_statue_intersection
Lair:6:   gammafunk_lair_ancient_temple, layout_misc_corridors, slime_entry_1,
          basic_altar, lemuel_fruit_fields, lemuel_fruit_fields,
          lemuel_fruit_fields
Shoals:1: layout_shoals, nicolae_shoals_undead_eyrie
Shoals:2: layout_shoals, st_sunken_huts
Orc:1:    layout_diamond_mine
Orc:2:    st_orc_mages, layout_caves, serial_shops, shop, lightli_orcish_oven
Elf:1:    nicolae_elf_arrival_aired_out, layout_gridlike, serial_shops,
          freezing_bzr, kennysheep_underground_church, uniq_zenata, uniq_roxanne

Notes
Turn   | Place    | Note
-------+----------+-------------------------------------------
     0 | D:1      | zeratav the Spriggan Arcane Marksman began the quest for
                  | the Orb.
     0 | D:1      | Reached XP level 1. HP: 9/9 MP: 3/3
     0 | D:1      | magus.rc [v1.9.6]
   161 | D:1      | You fall into a shaft and drop 1 floor!
   170 | D:2      | Reached skill level 3 in Bows
   172 | D:2      | You pick up a book of Callings and begin reading...
   172 | D:2      | You add the spells Summon Small Mammal, Call Canine
                  | Familiar and Summon Guardian Golem to your library.
   281 | D:1      | Found a faded altar of an unknown god.
   312 | D:1      | Reached XP level 2. HP: 14/14 MP: 0/5
   733 | D:2      | Noticed a scorpion
   803 | D:2      | Reached skill level 4 in Bows
  1218 | D:2      | Reached XP level 3. HP: 17/17 MP: 6/6
  1349 | D:2      | Killed a scorpion
  1350 | D:2      | Reached skill level 5 in Bows
  1350 | D:2      | Reached XP level 4. HP: 18/21 MP: 5/7
  2387 | D:2      | Reached skill level 6 in Bows
  2690 | D:3      | HP: 4/21 [gnoll/+0 whip (8)]
  2964 | D:3      | Reached XP level 5. HP: 25/25 MP: 8/8
  3097 | D:3      | Found a runed translucent gate.
  3105 | D:3      | Noticed Cancer's ghost (amateur GrEE)
  3112 | D:3      | Found a glowing silver altar of Zin.
  3116 | D:3      | Noticed Grinder
  3138 | D:3      | Noticed Sigmund
  3204 | D:3      | Killed Sigmund
  3205 | D:3      | Reached skill level 8 in Bows
  3205 | D:3      | Reached XP level 6. HP: 29/29 MP: 9/9
  3362 | D:3      | Found a runed translucent gate.
  3362 | D:3      | Found a runed translucent gate.
  3420 | D:3      | Found a basalt altar of Yredelemnul.
  3557 | D:3      | Found an ancient bone altar of Kikubaaqudgha.
  3762 | D:3      | Paralysed by Grinder for 3 turns
  3782 | D:3      | Paralysed by Grinder for 3 turns
  3803 | D:3      | Killed Grinder
  3804 | D:3      | Reached skill level 9 in Bows
  3804 | D:3      | Reached XP level 7. HP: 32/32 MP: 10/10
  4160 | D:3      | Killed Cancer's ghost
  4265 | D:3      | Reached skill level 10 in Bows
  4341 | D:4      | Found Junuge's Magic Scroll Emporium.
  4349 | D:4      | Bought a scroll of identify for 22 gold pieces
  4349 | D:4      | Bought a scroll of identify for 22 gold pieces
  4403 | D:4      | Reached skill level 1 in Stealth
  4456 | D:4      | Reached skill level 3 in Stealth
  4517 | D:4      | Reached skill level 4 in Stealth
  4647 | D:4      | Reached skill level 5 in Stealth
  4891 | D:5      | Entered Level 5 of the Dungeon
  4935 | D:5      | Reached XP level 8. HP: 37/37 MP: 11/11
  5004 | D:5      | Reached skill level 11 in Bows
  5202 | D:5      | Identified the +5 hunting sling of Articulation {freeze,
                  | rCorr Dex+4}
  5491 | D:6      | Reached skill level 12 in Bows
  5656 | D:6      | You pick up a book of Dreams and begin reading...
  5656 | D:6      | You add the spells Ensorcelled Hibernation, Spider Form and
                  | Anguish to your library.
  5741 | D:6      | Found a staircase to the Ecumenical Temple.
  5750 | Temple   | Entered the Ecumenical Temple
  5938 | D:6      | Reached skill level 13 in Bows
  5989 | D:6      | Found the +4 moon troll leather armour {Spirit, Regen++
                  | MP+5}
  6062 | D:6      | You pick up a book of Minor Magic and begin reading...
  6062 | D:6      | You add the spells Magic Dart, Call Imp and Mephitic Cloud
                  | to your library.
  6329 | D:7      | You pick up a book of Beasts and begin reading...
  6329 | D:7      | You add the spells Summon Ice Beast, Summon Mana Viper and
                  | Monstrous Menagerie to your library.
  6363 | D:7      | Reached XP level 9. HP: 40/40 MP: 12/12
  6496 | D:7      | You pick up a book of the Spheres and begin reading...
  6496 | D:7      | You add the spells Iskenderun's Battlesphere, Fireball,
                  | Conjure Ball Lightning and Orb of Destruction to your
                  | library.
  6590 | D:7      | Reached skill level 14 in Bows
  6755 | D:7      | Noticed Menkaure
  6761 | D:7      | Killed Menkaure
  6889 | D:7      | Found Qeontuuwn's General Store.
  6969 | D:7      | Noticed a troll
  6975 | D:7      | Killed a troll
  6976 | D:7      | Reached skill level 15 in Bows
  7257 | D:8      | Noticed a two-headed ogre
  7286 | D:8      | Killed a two-headed ogre
  7287 | D:8      | Reached skill level 16 in Bows
  7287 | D:8      | Reached skill level 3 in Dodging
  7306 | D:8      | Reached skill level 4 in Dodging
  7529 | D:8      | You pick up a book of Weapons and begin reading...
  7529 | D:8      | You add the spells Tukima's Dance and Blade Hands to your
                  | library.
  7623 | D:8      | Reached skill level 5 in Dodging
  7623 | D:8      | Reached XP level 10. HP: 44/44 MP: 13/13
  7681 | D:8      | Reached skill level 6 in Dodging
  7794 | D:8      | Reached skill level 7 in Dodging
  7879 | D:8      | Found a bloodstained altar of Trog.
  8345 | D:9      | You pick up a book of Lightning and begin reading...
  8345 | D:9      | You add the spells Static Discharge, Lightning Bolt and
                  | Maxwell's Capacitive Coupling to your library.
  8428 | D:9      | Reached skill level 8 in Dodging
  8535 | D:9      | Reached skill level 9 in Dodging
  8582 | D:9      | Reached skill level 10 in Dodging
  8653 | D:9      | Reached skill level 1 in Fighting
  8732 | D:9      | Reached skill level 2 in Fighting
  9031 | D:9      | Reached skill level 3 in Fighting
  9089 | D:9      | Found a shadowy altar of Dithmenos.
  9211 | D:9      | Became a worshipper of Dithmenos the Shadowed
  9246 | D:10     | Entered Level 10 of the Dungeon
  9308 | D:9      | Reached skill level 4 in Fighting
  9361 | D:9      | Noticed a two-headed ogre
  9523 | D:9      | Killed a two-headed ogre
  9524 | D:9      | Reached skill level 5 in Fighting
  9524 | D:9      | Reached XP level 11. HP: 56/56 MP: 14/14
  9809 | D:10     | Found a runed translucent gate.
  9810 | D:10     | Found a runed translucent gate.
  9811 | D:10     | Found a runed translucent gate.
  9812 | D:10     | Noticed Gus979's ghost (journeyman DsNe)
  9828 | D:10     | You pick up a book of Spatial Translocations and begin
                  | reading...
  9828 | D:10     | You add the spells Blink, Lesser Beckoning and Manifold
                  | Assault to your library.
  9837 | D:10     | Noticed a two-headed ogre
  9905 | D:10     | Killed a two-headed ogre
  9906 | D:10     | Reached skill level 6 in Fighting
  9953 | D:10     | Found a white marble altar of Elyvilon.
  9956 | D:10     | Found an opulent altar of Gozag.
 10329 | D:10     | Noticed Joseph
 10331 | D:10     | Noticed Maurice
 10336 | D:10     | Killed Joseph
 10380 | D:10     | Killed Maurice
 10493 | D:10     | Noticed a two-headed ogre
 10494 | D:10     | Noticed Grum
 10565 | D:10     | Killed Grum
 10574 | D:10     | Reached * piety under Dithmenos
 10750 | D:10     | Killed a two-headed ogre
 10751 | D:10     | Reached skill level 7 in Fighting
 10778 | D:10     | You pick up a book of Hexes and begin reading...
 10967 | D:11     | Noticed a two-headed ogre
 11010 | D:11     | Noticed a five-headed hydra
 11227 | D:11     | Reached skill level 8 in Fighting
 11281 | D:11     | Found a staircase to the Lair.
 11387 | D:11     | Killed a two-headed ogre
 11691 | D:11     | Reached skill level 9 in Fighting
 11937 | D:11     | Killed a five-headed hydra
 12246 | D:11     | Found an iron altar of Okawaru.
 12377 | Lair:1   | Entered Level 1 of the Lair of Beasts
 12379 | Lair:1   | Reached skill level 10 in Fighting
 12537 | Lair:1   | Reached skill level 4 in Hexes
 12565 | Lair:1   | Reached XP level 12. HP: 67/67 MP: 15/15
 12586 | Lair:1   | Reached skill level 5 in Hexes
 12754 | Lair:1   | Reached ** piety under Dithmenos
 12755 | Lair:1   | Reached skill level 6 in Hexes
 13274 | Lair:1   | Reached skill level 7 in Hexes
 13521 | Lair:2   | You pick up a book of Rime and begin reading...
 13521 | Lair:2   | You add the spells Frozen Ramparts and Ice Form to your
                  | library.
 13546 | Lair:2   | Found a staircase to the Snake Pit.
 13553 | Lair:2   | Noticed Erica
 13574 | Lair:2   | Killed Erica
 13575 | Lair:2   | Reached skill level 8 in Hexes
 13598 | Lair:2   | Noticed a six-headed hydra
 13612 | Lair:2   | Killed a six-headed hydra
 13613 | Lair:2   | Reached skill level 9 in Hexes
 13843 | Lair:2   | Noticed Maggie
 13857 | Lair:2   | Killed Maggie
 13882 | Lair:2   | Reached skill level 10 in Hexes
 13882 | Lair:2   | Reached skill level 1 in Translocations
 13890 | Lair:2   | Learned a level 3 spell: Tukima's Dance
 13891 | Lair:2   | Reached skill level 2 in Translocations
 14006 | Lair:2   | Reached skill level 3 in Translocations
 14355 | Lair:2   | Learned a level 2 spell: Blink
 14377 | Lair:3   | Reached skill level 4 in Translocations
 14394 | Lair:3   | Noticed a seven-headed hydra
 14404 | Lair:3   | Killed a seven-headed hydra
 14405 | Lair:3   | Reached skill level 5 in Translocations
 14591 | Lair:3   | Reached skill level 11 in Dodging
 14747 | Lair:3   | Reached skill level 12 in Dodging
 14807 | Lair:3   | Noticed a four-headed hydra
 14827 | Lair:3   | Killed a four-headed hydra
 14831 | Lair:3   | Noticed Sonja
 15200 | Lair:3   | Reached *** piety under Dithmenos
 15297 | Lair:4   | Noticed Urug
 15361 | Lair:3   | Killed Sonja
 15814 | Lair:4   | Reached skill level 13 in Dodging
 15814 | Lair:4   | Reached XP level 13. HP: 72/72 MP: 16/16
 15862 | Lair:4   | Found the +3 giant club "Skullcrusher" {speed, Str+7}
 16044 | Lair:4   | Reached skill level 14 in Dodging
 16297 | Lair:4   | Killed Urug
 16335 | Lair:4   | Reached skill level 15 in Dodging
 16356 | Lair:4   | Learned a level 3 spell: Portal Projectile
 16411 | Lair:4   | You pick up a book of Vapours and begin reading...
 16411 | Lair:4   | You add the spells Poisonous Vapours and Corpse Rot to your
                  | library.
 16427 | Lair:4   | Reached skill level 1 in Summonings
 16486 | Lair:4   | Reached skill level 2 in Summonings
 16584 | Lair:4   | Reached **** piety under Dithmenos
 16631 | Lair:4   | Reached skill level 3 in Summonings
 16848 | Lair:4   | Found a staircase to the Shoals.
 17244 | Lair:5   | Reached skill level 4 in Summonings
 17523 | Lair:5   | Reached skill level 5 in Summonings
 17811 | Lair:5   | You pick up a book of the Dragon and begin reading...
 17811 | Lair:5   | You add the spells Dragon Form and Dragon's Call to your
                  | library.
 17899 | Lair:5   | Reached skill level 6 in Summonings
 18306 | Lair:6   | Entered Level 6 of the Lair of Beasts
 18748 | Lair:5   | Reached skill level 7 in Summonings
 18914 | Lair:6   | Found a staircase to the Slime Pits.
 19089 | Lair:6   | Identified the ring of Recklessness {Will++ Dex+6}
 19122 | Lair:6   | Reached XP level 14. HP: 68/77 MP: 17/17
 19255 | Lair:6   | Reached skill level 8 in Summonings
 19317 | Lair:6   | Reached skill level 6 in Translocations
 19363 | Lair:6   | Reached ***** piety under Dithmenos
 19443 | Lair:6   | Reached skill level 7 in Translocations
 19759 | Lair:6   | Reached skill level 8 in Translocations
 19884 | Lair:6   | Reached skill level 9 in Summonings
 20316 | Lair:6   | Found a glowing golden altar of the Shining One.
 20443 | Lair:6   | Reached skill level 10 in Summonings
 21614 | D:12     | Reached skill level 11 in Hexes
 21767 | D:12     | Found a staircase to the Orcish Mines.
 22540 | Orc:1    | Entered Level 1 of the Orcish Mines
 22651 | Orc:1    | Reached skill level 12 in Hexes
 22801 | Orc:2    | Entered Level 2 of the Orcish Mines
 22801 | Orc:2    | Noticed an orc warlord
 22811 | Orc:2    | Found a staircase to the Elven Halls.
 22981 | Orc:1    | Killed an orc warlord
 23094 | Orc:2    | Found Xasidgh's Distillery.
 23173 | Orc:2    | Reached ****** piety under Dithmenos
 23287 | Orc:2    | Reached skill level 13 in Hexes
 23448 | Orc:2    | Reached XP level 15. HP: 80/80 MP: 18/18
 23483 | Orc:2    | Found Nedesik's Antique Weapon Boutique.
 23483 | Orc:2    | Found Fugeica's Jewellery Shop.
 23483 | Orc:2    | Found Quman's Magic Scroll Boutique.
 23567 | Orc:2    | Found Doustrag's Magic Scroll Shop.
 23582 | Orc:2    | Bought a scroll of magic mapping for 56 gold pieces
 23584 | Orc:2    | Bought a scroll of magic mapping for 45 gold pieces
 23584 | Orc:2    | Bought a scroll of enchant weapon for 97 gold pieces
 23585 | Orc:2    | Bought the ring of Stoicism {rElec rN+ rCorr Str+2} for 551
                  | gold pieces
 23585 | Orc:2    | Bought the macabre finger necklace {rN+} for 520 gold
                  | pieces
 23585 | Orc:2    | Found the macabre finger necklace {rN+}
 24521 | D:13     | Reached skill level 14 in Hexes
 24875 | D:13     | Found a gate to the Vaults.
 25203 | D:14     | Reached skill level 15 in Hexes
 25209 | D:14     | Learned a level 5 spell: Summon Mana Viper
 25264 | D:13     | Reached skill level 6 in Stealth
 25374 | D:13     | Reached skill level 7 in Stealth
 25414 | D:13     | Reached skill level 8 in Stealth
 25678 | D:14     | Reached skill level 9 in Stealth
 25863 | D:14     | Reached skill level 10 in Stealth
 26270 | D:14     | Noticed Kirke
 26285 | D:14     | Killed Kirke
 26366 | D:14     | Found a runed translucent gate.
 26366 | D:14     | Found a runed translucent gate.
 26366 | D:14     | Found a runed translucent gate.
 26366 | D:14     | Noticed Ireuh's ghost (journeyman TrMo)
 26368 | D:14     | Found a basalt altar of Yredelemnul.
 26519 | D:14     | Killed Ireuh's ghost
 27000 | D:15     | Entered Level 15 of the Dungeon
 27046 | D:14     | Reached skill level 2 in Spellcasting
 27227 | D:15     | Reached skill level 3 in Spellcasting
 27346 | D:15     | Reached skill level 16 in Dodging
 27542 | D:15     | Found a staircase to the Depths.
 27559 | D:15     | Reached skill level 4 in Spellcasting
 28266 | D:15     | Reached skill level 5 in Spellcasting
 28358 | D:15     | Noticed Rupert
 28556 | D:15     | Killed Rupert
 28798 | D:15     | Noticed Louise
 28811 | D:15     | Reached XP level 16. HP: 85/85 MP: 20/25
 29044 | D:15     | Killed Louise
 29792 | Elf:1    | Entered Level 1 of the Elven Halls
 29861 | D:12     | Reached skill level 6 in Spellcasting
 29861 | D:12     | Reached skill level 16 in Hexes
 30384 | Shoals:1 | Entered Level 1 of the Shoals
 30400 | Shoals:1 | Identified a scroll of acquirement
 30512 | Shoals:1 | Reached skill level 17 in Dodging
 30600 | Shoals:1 | Reached skill level 7 in Spellcasting
 30665 | Shoals:1 | Noticed a kraken
 31212 | Shoals:2 | HP: 10/85 [merfolk aquamancer/shard of ice (30)]
 31212 | Shoals:2 | Hit by a silver javelin thrown by a merfolk javelineer

Vanquished Creatures
  Rupert (D:15)
  Kirke (D:14)
  An orc warlord (Orc:1)
  Louise (D:15)
  A rakshasa (D:13)
  2 boulder beetles
  18 hydras
  A merfolk avatar (Lair:6)
  A death knight (D:15)
  Erica (Lair:2)
  A catoblepas (D:14)
  7 two-headed ogres
  14 death yaks
  A merfolk aquamancer (Shoals:1)
  A tengu warrior (D:14)
  5 orc high priests (Orc:2)
  Sonja (Lair:3)
  A titan skeleton (D:15)
  2 skeletal warriors (D:15)
  4 sea snakes
  A deep troll (D:13)
  2 phantasmal warriors (D:15)
  2 deep elf pyromancers
  A lindwurm (D:13)
  An orc knight (D:15)
  A necromancer (D:15)
  19 ugly things
  4 orc sorcerers
  5 harpies
  4 cyclopes
  4 fauns (Shoals:1)
  10 manticores
  5 black mambas
  10 elephants
  Joseph (D:10)
  2 centaur zombies (D:14)
  A water nymph (Shoals:2)
  Maurice (D:10)
  6 merfolk sirens (Shoals:1)
  2 torpor snails
  2 gargoyles
  Maggie (Lair:2)
  A cane toad (shapeshifter) (D:13)
  17 cane toads
  An unseen horror (D:13)
  An efreet (D:13)
  7 rime drakes
  3 freezing wraiths
  10 komodo dragons
  A tengu conjurer (D:14)
  7 trolls
  5 merfolk (Shoals:1)
  A wind drake (Shoals:1)
  6 harpy zombies (Shoals:1)
  4 polar bears
  Grinder (D:3)
  A meliai (D:14)
  3 hornets
  20 blink frogs
  11 slime creatures
  2 snapping turtles
  4 centaur simulacra
  4 water elementals
  A shadow (D:9)
  Sigmund (D:3)
  A wraith (D:15)
  31 yaks
  Grum (D:10)
  A hog (D:14)
  3 vampires
  19 wyverns
  5 basilisks
  Menkaure (D:7)
  6 steam dragons
  8 vampire mosquitoes
  8 wargs
  19 water moccasins
  2 hell hounds (D:15)
  2 meliai simulacra (D:11)
  A black bear (D:8)
  28 orc warriors
  8 ogres
  8 ice beasts
  3 boggarts (D:15)
  10 wolves
  2 centaurs (D:9)
  A manticore zombie (Shoals:1)
  A phantom (D:4)
  The ghost of Cancer the Digger, an amateur GrEE (D:3)
  A bullfrog (shapeshifter) (D:14)
  13 bullfrogs
  3 gnoll sergeants
  2 kobold brigands
  2 necrophages
  3 scorpions
  5 wights (D:7)
  13 killer bees
  3 howler monkeys (D:9)
  A nameless horror (D:15)
  5 electric eels
  6 crimson imps (D:13)
  22 orc priests
  2 hounds
  4 jellies
  3 iguanas
  34 orc wizards
  13 hell rats
  21 gnolls
  9 adders
  3 shadow imps
  6 white imps
  An ufetubus (D:5)
  A worm (D:3)
  5 dart slugs
  55 orcs
  4 ball pythons
  2 endoplasms (D:3)
  4 giant cockroaches
  3 hobgoblins
  2 jackals (D:2)
  4 quokkas
  2 bats (D:2)
  A frilled lizard (D:2)
  6 goblins
  13 kobolds
  6 rats
715 creatures vanquished.

Vanquished Creatures (collateral kills)
  The ghost of Ireuh the Brawler, a journeyman TrMo of Gozag (D:14)
  A boulder beetle (D:15)
  Urug (Lair:4)
  A flayed ghost (D:15)
  A phantasmal warrior (D:15)
  A tengu conjurer (D:15)
  A tengu zombie (D:15)
  A human skeleton (D:15)
  A floating eye zombie (D:15)
  A hell rat (D:15)
10 creatures vanquished.

Vanquished Creatures (others)
  A human (D:14)
  A dancing weapon (D:14)
  49 fungi
  88 plants
  12 tentacles (Shoals:1)
  4 withered plants (D:15)
155 creatures vanquished.

Grand Total: 880 creatures vanquished

Table legend:
 A = Non-vault XP
 B = Vault XP
 C = Vault XP percentage of total XP
 D = Non-vault monster count
 E = Vault monster count
 F = Vault count percentage of total count
                 A         B        C        D         E       F
            +---------+---------+-------+---------+---------+-------
      Total |  121544 |   55197 |  31.2 |     513 |     211 |  29.1
            +---------+---------+-------+---------+---------+-------
        D:1 |      11 |       0 |   0.0 |       7 |       0 |   0.0
        D:2 |     157 |       1 |   0.6 |      18 |       1 |   5.3
        D:3 |     189 |     616 |  76.5 |      19 |       9 |  32.1
        D:4 |     435 |       0 |   0.0 |      16 |       0 |   0.0
        D:5 |     561 |       0 |   0.0 |      15 |       0 |   0.0
        D:6 |     747 |       0 |   0.0 |      18 |       0 |   0.0
        D:7 |    1328 |     183 |  12.1 |      23 |       1 |   4.2
        D:8 |    2350 |       0 |   0.0 |      21 |       0 |   0.0
        D:9 |    1363 |    3124 |  69.6 |      23 |      17 |  42.5
       D:10 |    1162 |    2549 |  68.7 |       9 |       9 |  50.0
       D:11 |    3271 |    3391 |  50.9 |      11 |      19 |  63.3
       D:12 |    6747 |     731 |   9.8 |      27 |       9 |  25.0
       D:13 |    9201 |    3790 |  29.2 |      20 |      14 |  41.2
       D:14 |    5705 |    7734 |  57.5 |      13 |      15 |  53.6
       D:15 |   12006 |   13587 |  53.1 |      28 |      35 |  55.6
     Lair:1 |    2134 |    1479 |  40.9 |      10 |       7 |  41.2
     Lair:2 |    4263 |    1248 |  22.6 |      16 |       2 |  11.1
     Lair:3 |    6329 |     785 |  11.0 |      21 |       1 |   4.5
     Lair:4 |   11666 |     796 |   6.4 |      34 |       1 |   2.9
     Lair:5 |   10819 |    1346 |  11.1 |      29 |       4 |  12.1
     Lair:6 |   16358 |    6360 |  28.0 |      38 |      16 |  29.6
   Shoals:1 |   15220 |    2019 |  11.7 |      32 |       7 |  17.9
   Shoals:2 |     467 |       0 |   0.0 |       1 |       0 |   0.0
      Orc:1 |    4935 |       0 |   0.0 |      31 |       0 |   0.0
      Orc:2 |    4120 |    5458 |  57.0 |      33 |      44 |  57.1
            +---------+---------+-------+---------+---------+-------

Illustrated notes

Table legend:
 A = Kills in this place as a percentage of kills in entire the game.
 B = Kills by you in this place as a percentage of kills by you in the entire game.
 C = Kills by friends in this place as a percentage of kills by friends in the entire game.
 D = Other kills in this place as a percentage of other kills in the entire game.
 E = Experience gained in this place as a percentage of experience gained in the entire game.
 F = Experience gained in this place divided by the number of levels of this place that you have seen.
                   A       B       C       D       E      F
               +-------+-------+-------+-------+-------+----------------------
         Total | 100.0 | 100.0 | 100.0 |   N/A | 100.0 | 6546.0
       Dungeon |  54.8 |  54.3 |  90.0 |   N/A |  45.8 | 5395.9
          Lair |  24.7 |  24.9 |  10.0 |   N/A |  36.0 | 10597.2
        Shoals |   5.5 |   5.6 |   0.0 |   N/A |  10.0 | 8853.0
  Orcish Mines |  14.9 |  15.1 |   0.0 |   N/A |   8.2 | 7256.5
               +-------+-------+-------+-------+-------+----------------------

Table legend: (Time is in decaauts)
 A = Elapsed time spent in this place.
 B = Non-inter-level travel time spent in this place.
 C = Inter-level travel time spent in this place.
 D = Time resting spent in this place.
 E = Time spent auto-exploring this place.
 F = Levels seen in this place.
 G = Mean time per level.
                   A        B        C        D        E       F      G
               +--------+--------+--------+--------+--------+-----+--------+
         Total |  21713 |  19491 |   2222 |   3519 |   6691 |  27 |  804.2 |
       Dungeon |  13861 |  12287 |   1574 |   2711 |   4485 |  15 |  924.1 |
        Temple |     88 |     45 |     43 |      0 |     36 |   1 |   88.0 |
          Lair |   5911 |   5471 |    440 |    703 |   1879 |   6 |  985.2 |
        Shoals |    637 |    607 |     30 |     94 |      0 |   2 |  318.5 |
  Orcish Mines |   1209 |   1078 |    131 |     11 |    290 |   2 |  604.5 |
   Elven Halls |      4 |      4 |      0 |      0 |      0 |   1 |    4.0 |
               +--------+--------+--------+--------+--------+-----+--------+

Top non-repeatable levels by time:
    D:15: 1832 daAuts
     D:2: 1514 daAuts
  Lair:5: 1362 daAuts
    D:14: 1274 daAuts
    D:12: 1248 daAuts
  Lair:6: 1163 daAuts
    D:11: 1108 daAuts
    D:10: 1108 daAuts
     D:3: 1101 daAuts
  Lair:4: 1006 daAuts
  Lair:3: 992 daAuts
    D:13: 847 daAuts
     D:9: 846 daAuts
   Orc:2: 832 daAuts
  Lair:1: 732 daAuts
